 Dungeon Crawl Stone Soup version 0.32-a0-876-gcfddb08e57 (webtiles) character file.

Game seed: 7613408639588556321

1360 pokedragonboy the Digger (level 8, -2/61 HPs)
             Began as a Gargoyle Earth Elementalist on Apr 1, 2024.
             Was an Initiate of Vehumet.
             Slain by Duvessa
             ... wielding a +0 short sword
              (4 damage)
             ... on level 6 of the Dungeon.
             The game lasted 00:18:30 (5944 turns).

pokedragonboy the Digger (GrEE)                     Turns: 5944, Time: 00:18:31

Health: -2/61      AC: 24    Str: 11    XL:     8   Next: 64%
Magic:  19/24      EV:  2    Int: 19    God:    Vehumet [......]
Gold:   246        SH:  0    Dex: 10    Spells: 6/17 levels left

rFire   . . .        n - +2 dagger (venom)
rCold   . . .        (no shield)
rNeg    + . .        a - melded +0 robe
rPois   ∞            j - melded +0 helmet
rElec   .            (cloak currently unavailable)
rCorr   .            (gloves currently unavailable)
SInv    .            r - melded +0 pair of boots
Will    .....        (no amulet)
Stlth   ++           y - ring of magical power
HPRegen 0.30/turn    (no ring)
MPRegen 0.19/turn

%: no passive effects
@: tree-form
A: stationary, stasis, torment immunity, boosted hp, sickness immunity, AC +5,
negative energy resistance 1, (electricity resistance), torment resistance 1,
petrification resistance
a: Renounce Religion


You were on level 6 of the Dungeon.
You worshipped Vehumet.
Vehumet was noncommittal.
You were a tree.
You visited 2 branches of the dungeon, and saw 7 of its levels.

You collected 246 gold pieces.

Inventory:

Hand Weapons
 h - a +0 quarterstaff
 n - a +2 dagger of venom (weapon)
 p - a +2 trident of venom
 A - the +8 sling of the Dancing Gods {heavy, Fly rPois Int-3 Dex+3}
   (You found it on level 5 of the Dungeon)

   Int-3:     It affects your intelligence (-3).
   Dex+3:     It affects your dexterity (+3).
   rPois:     It protects you from poison.
   Fly:       It grants you flight.
Armour
 a - a +0 robe (melded)
 i - the +1 leather armour of Proximity {rPois Dex+3 Stlth+}
   (You found it on level 2 of the Dungeon)

   Dex+3:     It affects your dexterity (+3).
   rPois:     It protects you from poison.
   Stlth+:    It makes you more stealthy.
 j - a +0 helmet (melded)
 r - a +0 pair of boots (melded)
Jewellery
 t - a ring of ice
 y - a ring of magical power (left branch)
 z - a ring of fire
Wands
 k - a wand of roots (11)
 o - a wand of flame (27)
 s - a wand of light (22)
Scrolls
 d - a scroll of amnesia {unknown}
 e - a scroll of vulnerability
 g - a scroll of blinking {unknown}
 m - a scroll of teleportation {unknown}
 u - a scroll of immolation {unknown}
Potions
 c - a potion of degeneration {unknown}
 f - 2 potions of curing
 l - a potion of berserk rage {unknown}
 q - a potion of lignification
 v - a potion of attraction {unknown}
 w - a potion of might {unknown}
 x - a potion of brilliance {unknown}
 B - 2 potions of heal wounds {unknown}


   Skills:
 - Level 1.5 Dodging
 + Level 4.2 Stealth
 + Level 5.1 Spellcasting
 * Level 6.4 Conjurations
 + Level 7.9 Earth Magic


You had 6 spell levels left.
You knew the following spells:

 Your Spells              Type           Power      Damage    Failure   Level
a - Sandblast             Erth           68%        2d15      1%          1
b - Passwall              Erth           34%        N/A       1%          3
c - Stone Arrow           Conj/Erth      64%        3d11      1%          3
d - Brom's Barrelling Bo  Conj/Erth      32%        2d5       6%          4

Your spell library contained the following spells:

 Spells                   Type           Power      Damage    Failure   Level
 Mephitic Cloud           Conj/Alch/Air  13%        N/A       16%         3
 Mercury Vapours          Alch/Air       8%         N/A       19%         2
 Petrify                  Alch/Erth      19%        N/A       24%         4
 Call Canine Familiar     Summ           4%         N/A       36%         3
 Frozen Ramparts          Ice            8%         1d2       36%         3
 Ozocubu's Armour         Ice            4%         N/A       36%         3
 Sigil of Binding         Hex            4%         N/A       36%         3
 Dimensional Bullseye     Hex/Tloc       2%         N/A       77%         4
 Freezing Cloud           Conj/Ice/Air   6%         6-21      80%         5
 Metabolic Englaciation   Hex/Ice        2%         N/A       98%         5
 Dispersal                Tloc           2%         N/A       100%        6
 Gell's Gavotte           Tloc           2%         2d(12-18) 100%        6
 Manifold Assault         Tloc           2%         N/A       100%        7
 Disjunction              Tloc           2%         N/A       100%        8


Dungeon Overview and Level Annotations

Branches:
Dungeon (6/15)             Temple (1/1) D:5

Altars:
Ashenzari
Dithmenos
Elyvilon
Fedhas
Hepliaklqana
Kikubaaqudgha
Nemelex Xobeh
Okawaru
Sif Muna
Trog
Uskayaw
Vehumet
Yredelemnul
Zin

Shops:
D:2 (   D:3 !

Annotations:
D:6 Duvessa


Innate Abilities, Weirdness & Mutations

You are a tree.
Your roots penetrate the ground, keeping you stationary.
You cannot be teleported.
You are immune to unholy pain and torment.
Your maximum health is greatly increased.
Your equipment is partially melded.
You are immune to sickness and miasma.
((Your stone body is resilient. (AC +5)))
You are immune to poison.
You resist negative energy. (rN+)
((You are resistant to electric shocks. (rElec)))
You are resistant to unholy torment.
You are immune to petrification.


Message History

You hit Duvessa but do no damage.
Duvessa is heavily wounded.
Duvessa hits you but does no damage. Duvessa hits you with a +0 short sword.
Casting: Stone Arrow (safe; 1% risk of failure)
Confirm with . or Enter, or press ? or * to list all spells.
Aiming: Sandblast (safe; 1% risk of failure)
Press: ? - help, Shift-Dir - straight line, f/p - Duvessa
Aim: Duvessa, wielding a +0 short sword and wearing a +3 ring mail of cold resistance (heavily wounded, berserk, very poisoned, 88% to hit)
The blast of sand misses Duvessa.
Duvessa hits you with a +0 short sword! Duvessa hits you with a +0 short sword.
* * * LOW HITPOINT WARNING * * *
You feel better. Duvessa hits you with a +0 short sword.
* * * LOW HITPOINT WARNING * * *
Magic courses through your body. Duvessa hits you but does no damage.
Duvessa hits you with a +0 short sword!
* * * LOW HITPOINT WARNING * * *
Okay, then.
Okay, then.
Casting: Sandblast (safe; 1% risk of failure)
Confirm with . or Enter, or press ? or * to list all spells.
Aiming: Brom's Barrelling Boulder (dangerous; 6% risk of failure)
Press: ? - help, Dir - move target, p - Duvessa Boulders only roll along the cardinals.
Okay, then.
Casting: Brom's Barrelling Boulder (dangerous; 6% risk of failure)
Confirm with . or Enter, or press ? or * to list all spells.
Aiming: Stone Arrow (safe; 1% risk of failure)
Press: ? - help, Shift-Dir - straight line, f/p - Duvessa
Aim: Duvessa, wielding a +0 short sword and wearing a +3 ring mail of cold resistance (heavily wounded, berserk, poisoned, 81% to hit)
The stone arrow misses Duvessa.
Duvessa hits you with a +0 short sword.
* * * LOW HITPOINT WARNING * * *
Casting: Stone Arrow (safe; 1% risk of failure)
Confirm with . or Enter, or press ? or * to list all spells.
Aiming: Stone Arrow (safe; 1% risk of failure)
Press: ? - help, Shift-Dir - straight line, f/p - Duvessa
Aim: Duvessa, wielding a +0 short sword and wearing a +3 ring mail of cold resistance (heavily wounded, berserk, poisoned, 81% to hit)
The stone arrow hits Duvessa!!
Duvessa is almost dead.
Duvessa hits you with a +0 short sword.
You die...

$...... .......
......? .......
....... !......
#####e......
##...♣.......
###..###.......
##...## #######
#.<.## #....#
##....# ###.##
.#. # .≈


You could see Duvessa (berserk, poisoned).

Vanquished Creatures
  Menkaure (D:4)
  An ice beast (D:6)
  A black bear (D:5)
  2 ogres
  A phantom (D:5)
  A scorpion (D:5)
  Dowan (D:6)
  A howler monkey (D:5)
  3 quasits (D:5)
  A jelly (D:5)
  A bombardier beetle (D:5)
  3 orc priests
  3 hounds
  Natasha (thrice) (D:4)
  An iguana (D:5)
  An orc wizard (D:3)
  A sleepcap (D:4)
  Robin (D:1)
  4 adders
  A shadow imp (D:5)
  2 white imps (D:5)
  An ufetubus (D:5)
  A dart slug (D:1)
  4 ribbon worms
  9 orcs
  13 endoplasms
  2 giant cockroaches (D:4)
  16 goblins
  13 hobgoblins
  2 jackals (D:1)
  6 kobolds
  6 quokkas
  5 ball pythons
  4 bats
  5 frilled lizards
  10 rats
131 creatures vanquished.

Notes
Turn   | Place    | Note
-------+----------+-------------------------------------------
     0 | D:1      | pokedragonboy the Gargoyle Earth Elementalist began the
                  | quest for the Orb.
     0 | D:1      | Reached XP level 1. HP: 10/10 MP: 3/3
   173 | D:1      | Reached skill level 4 in Earth Magic
   173 | D:1      | Reached XP level 2. HP: 15/15 MP: 3/5
   725 | D:1      | Reached XP level 3. HP: 19/19 MP: 2/6
  1287 | D:2      | Identified the +1 leather armour of Proximity {rPois Dex+3
                  | Stlth+}
  1316 | D:2      | Noticed Robin
  1397 | D:1      | Killed Robin
  1398 | D:1      | Reached XP level 4. HP: 8/24 MP: 3/7
  1541 | D:2      | Learned a level 3 spell: Passwall
  1545 | D:2      | Learned a level 3 spell: Stone Arrow
  1752 | D:2      | Found Boinet's Antique Weapon Boutique.
  1896 | D:2      | Reached skill level 5 in Earth Magic
  2054 | D:2      | Found a blossoming altar of Fedhas.
  2299 | D:3      | Reached XP level 5. HP: 27/28 MP: 3/9
  2566 | D:3      | Found Vaohyr's Distillery.
  3110 | D:4      | Noticed Natasha
  3114 | D:4      | Killed Natasha
  3259 | D:4      | Reached XP level 6. HP: 32/32 MP: 5/10
  3316 | D:4      | Noticed Natasha
  3320 | D:4      | Reached skill level 6 in Earth Magic
  3323 | D:4      | Killed Natasha
  3755 | D:4      | Noticed Menkaure
  4152 | D:4      | Noticed Natasha
  4156 | D:4      | Killed Menkaure
  4157 | D:4      | Reached XP level 7. HP: 36/36 MP: 5/13
  4167 | D:4      | Killed Natasha
  4643 | D:5      | Entered Level 5 of the Dungeon
  4749 | D:5      | Found a staircase to the Ecumenical Temple.
  4763 | Temple   | Entered the Ecumenical Temple
  4796 | D:5      | Reached skill level 7 in Earth Magic
  4801 | D:5      | Learned a level 4 spell: Brom's Barrelling Boulder
  4893 | D:5      | Found a radiant altar of Vehumet.
  4916 | D:5      | Became a worshipper of Vehumet
  4996 | D:5      | Reached skill level 5 in Conjurations
  5143 | D:5      | Reached XP level 8. HP: 41/41 MP: 12/14
  5700 | D:5      | Reached skill level 5 in Spellcasting
  5700 | D:5      | Found a sparkling altar of Nemelex Xobeh.
  5705 | D:5      | Identified the +8 sling of the Dancing Gods {heavy, Fly
                  | rPois Int-3 Dex+3}
  5757 | D:5      | Found a bloodstained altar of Trog.
  5925 | D:6      | Noticed Duvessa
  5925 | D:6      | Noticed Dowan
  5930 | D:6      | Killed Dowan
  5943 | D:6      | HP: 2/61 [Duvessa/+0 short sword (2)]
  5944 | D:6      | Slain by Duvessa

Illustrated notes

Levels and vault maps discovered:
D:1:      beargit_arrival_diablo_church, layout_loops_corners, minmay_surrounded
D:2:      layout_loops_ring, basic_altar, serial_shops, shop, minmay_3d_cube,
          uniq_robin
D:3:      layout_loops_ring, serial_shops, shop
D:4:      layout_basic, uniq_natasha, uniq_menkaure
D:5:      layout_loops_ring, kennysheep_little_box,
          nicolae_overflow_hidden_temple, mainiacjoe_overflow_catwalk,
          minmay_temple_entry_antechambers, serial_demonic, serial_demonic_a,
          serial_demonic_g, serial_demonic_c, serial_demonic_g
D:6:      kennysheep_big_flooded_room, layout_rooms, mainiacjoe_overflow_paths,
          uniq_prince_ribbit1, uniq_duvessa, uniq_pikel
Temple:   eino_temple_lava

Skill      XL: |  1  2  3  4  5  6  7  8 |
---------------+-------------------------+-----
Earth Magic    | 4 5 6 7 |  7.9
Conjurations   | 2 3 4 5 6 |  6.4
Spellcasting   | 3 4 5 |  5.1
Stealth        | 3 4 |  4.2
Dodging        | |  1.5

Action                     |  1- 3 |  4- 6 |  7- 9 || total
---------------------------+-------+-------+-------++-------
  Melee: Unarmed           |    13 |       |       ||    13
         Quarterstaff      |     4 |     4 |       ||     8
         Dagger            |       |    12 |    20 ||    32
   Cast: Sandblast         |    47 |    72 |    19 ||   138
         Passwall          |       |     3 |       ||     3
         Stone Arrow       |       |     4 |    47 ||    51
    Use: Scroll            |       |     2 |     1 ||     3
         Potion            |       |       |     3 ||     3
   Stab: Sleeping          |       |     1 |     1 ||     2
 Armour: Robe              |    22 |    28 |    62 ||   112
         Skin              |       |       |    19 ||    19
  Dodge: Dodged            |    18 |    21 |    37 ||    76

Table legend: (Time is in decaauts)
 A = Elapsed time spent in this place.
 B = Non-inter-level travel time spent in this place.
 C = Inter-level travel time spent in this place.
 D = Time resting spent in this place.
 E = Time spent auto-exploring this place.
 F = Levels seen in this place.
 G = Mean time per level.
                   A        B        C        D        E       F      G
               +--------+--------+--------+--------+--------+-----+--------+
         Total |   6016 |   5625 |    391 |    785 |   3998 |   7 |  859.4 |
       Dungeon |   6003 |   5612 |    391 |    785 |   3998 |   6 | 1000.5 |
        Temple |     13 |     13 |      0 |      0 |      0 |   1 |   13.0 |
               +--------+--------+--------+--------+--------+-----+--------+

Top non-repeatable levels by time:
     D:4: 1622 daAuts
     D:1: 1474 daAuts
     D:5: 1203 daAuts
     D:2: 827 daAuts
     D:3: 784 daAuts
     D:6: 91 daAuts
  Temple: 13 daAuts
